 Dungeon Crawl Stone Soup version 0.30.1 (webtiles) character file.

Game seed: 5021600904980474841

3667 Peloso the Carver (level 9, -4/80 HPs)
             Began as a Minotaur Fighter on July 13, 2023.
             Was a Follower of Okawaru.
             Slain by an orc warlord
             ... wielding a +6 executioner's axe
              (15 damage)
             ... in a bailey.
             The game lasted 00:17:05 (8147 turns).

Peloso the Carver (Minotaur Fighter)                Turns: 8147, Time: 00:17:06

Health: -4/80      AC: 23    Str: 22    XL:     9   Next: 89%
Magic:  7/8        EV: 12    Int:  5    God:    Okawaru [*.....]
Gold:   899        SH:  0    Dex: 13    Spells: 8/8 levels left

rFire   . . .        b - +5 great sword "Osuxyuju" {freeze, rC+}
rCold   + + +        (shield currently unavailable)
rNeg    . . .        z - +0 plate armour
rPois   .            s - +2 hat
rElec   .            y - +2 cloak
rCorr   .            A - +0 pair of gloves
SInv    .            v - +2 pair of slick slippers {slick, slippery, EV+4}
Will    .....        (no amulet) Stlth
                     (no ring)
HPRegen 0.33/turn    (no ring)
MPRegen 0.11/turn

%: no passive effects
@: mighty
A: horns 2, retaliatory headbutt, cold resistance 2
a: Renounce Religion, Heroism


You were in a bailey.
You worshipped Okawaru.
Okawaru was aware of your devotion.
You visited 2 branches of the dungeon, and saw 9 of its levels.
You also visited: Sewer and Bailey.

You collected 1249 gold pieces.
You spent 350 gold pieces at shops.

Inventory:

Hand Weapons
 a - a +1 long sword
 b - the +5 great sword "Osuxyuju" (weapon) {freeze, rC+}
   (You bought it in a shop on level 2 of the Dungeon)

   rC:        It protects you from cold.
Armour
 c - a +0 chain mail
 d - a +0 buckler
 s - a +2 hat (worn)
 v - the +2 pair of slick slippers (worn) {slick, slippery, EV+4}
   (You found it on level 4 of the Dungeon)

   Slick:     Its wearer cannot be constricted, engulfed, netted or webbed.
   Slippery:  Its wearer slips away from damaging melee attacks, pulling the
   attacker onward.
   EV:        It affects your evasion (+4).
 y - a +2 cloak (worn)
 z - a +0 plate armour (worn)
 A - a +0 pair of gloves (worn)
Jewellery
 F - a ring of protection from cold
 H - an amulet of magic regeneration
Wands
 D - a wand of roots (6)
Scrolls
 g - 4 scrolls of immolation
 h - 2 scrolls of fog
 i - 2 scrolls of amnesia
 l - 2 scrolls of poison
 r - 3 scrolls of fear
 t - a scroll of butterflies {unknown}
 x - a scroll of vulnerability {unknown}
 C - 2 scrolls of enchant armour {unknown}
 E - 2 scrolls of magic mapping
Potions
 e - 2 potions of might
 f - 3 potions of degeneration {unknown}
 j - 4 potions of ambrosia
 k - 2 potions of mutation
 m - 4 potions of heal wounds {unknown}
 n - 2 potions of haste {unknown}
 o - a potion of attraction {unknown}
 u - 3 potions of curing
 w - a potion of brilliance {unknown}
 B - a potion of berserk rage {unknown}
 G - a potion of magic {unknown}


   Skills:
 + Level 7.6 Fighting
 + Level 11.4 Long Blades
 + Level 9.5 Armour
 + Level 2.4 Dodging
 + Level 0.7 Stealth
 + Level 6.5 Shields
 + Level 0.3 Invocations


You had 8 spell levels left.
You didn't know any spells.
Your spell library contained the following spells:

 Spells                   Type           Power      Damage    Failure   Level
 Freeze                   Ice            0%         1d3       100%        1
 Shock                    Conj/Air       0%         1d3       100%        1
 Slow                     Hex            0%         N/A       100%        1
 Confusing Touch          Hex            0%         N/A       100%        3
 Frozen Ramparts          Ice            0%         1d1       100%        3
 Hailstorm                Conj/Ice       0%         3d3       100%        3
 Portal Projectile        Hex/Tloc       0%         N/A       100%        3
 Swiftness                Air            0%         N/A       100%        3
 Vampiric Draining        Necr           0%         2d6       100%        3
 Airstrike                Air            0%         2d(0-16)  100%        4
 Ice Form                 Ice/Tmut       0%         N/A       100%        4
 Blade Hands              Tmut           0%         N/A       100%        5
 Tukima's Dance           Hex            Unusable   N/A       N/A         3
 Summon Ice Beast         Ice/Summ       Unusable   N/A       N/A         4

Dungeon Overview and Level Annotations

Branches:
Dungeon (8/15)             Temple (1/1) D:6           Sewer (visited)
 Bailey (1/1)
   Lair: D:8-11

Altars:
Ashenzari
Cheibriados
Dithmenos
Fedhas
Gozag
Makhleb
Nemelex Xobeh
Okawaru
Uskayaw
Wu Jian
Xom

Shops:
D:2 (   D:7 ?

Annotations:
D:4 3 runed translucent doors, McKennaii's ghost, amateur DgCj


Innate Abilities, Weirdness & Mutations

You have a pair of horns on your head.
You reflexively headbutt those who attack you in melee.
Your flesh is very cold resistant. (rC++)


Message History

As you open the gate, it creaks loudly!
You slice the orc warlord!! You freeze the orc warlord.
Your headbutt misses the orc warlord.
The orc warlord is moderately wounded.
The orc warlord barely misses you. You furiously retaliate!
You headbutt the orc warlord. You hit the orc warlord.
You freeze the orc warlord. Your headbutt misses the orc warlord.
The orc warlord is moderately wounded.
The orc warlord hits you with a +6 executioner's axe!!
You slip backwards!
You completely miss the orc warlord.
The orc warlord is moderately wounded.
The orc warlord closely misses you.
You barely miss the orc warlord.
The orc warlord is moderately wounded.
You slash the orc warlord! You freeze the orc warlord.
The orc warlord is heavily wounded.
The orc warlord hits you with a +6 executioner's axe!!
You slip backwards!
You barely miss the orc warlord.
The orc warlord is heavily wounded.
The orc warlord closely misses you.
You slash the orc warlord! You freeze the orc warlord.
The orc warlord is heavily wounded.
The orc warlord hits you with a +6 executioner's axe!!
* * * LOW HITPOINT WARNING * * *
You closely miss the orc warlord. Your headbutt misses the orc warlord.
The orc warlord is heavily wounded.
You feel like a meek peon again.
The orc warlord hits you with a +6 executioner's axe.
* * * LOW HITPOINT WARNING * * *
You slash the orc warlord! You freeze the orc warlord.
The orc warlord is severely wounded.
The orc warlord hits you but does no damage.
Okay, then.
You barely miss the orc warlord. You headbutt the orc warlord!
The orc warlord is almost dead.
The orc warlord hits you with a +6 executioner's axe!
You die...

♣...~~~)# ~.8...8.~ #.~~~...♣
♣♣..###'###.......###'###..♣♣
♣.##....#~.8...8.~#....##.♣
♣##...()#~~~~~~~~~#.....##♣
##......####~~~####).....##
#...8......#'''#..(...8...#
#...............).........#
#............o()..........#
##..8..8...(.@)....8..8..##
##.......#######.......##
##.....## ##.....## ##...##
##...## ##### #####


You could see an orc warlord.

Vanquished Creatures
  Grinder (D:6)
  Sigmund (D:2)
  2 wyverns (D:8)
  A basilisk (D:8)
  3 yaks (D:8)
  Edmund (D:6)
  A black bear (D:7)
  2 ice beasts
  6 orc warriors
  An ogre (D:6)
  A centaur (D:7)
  2 phantoms
  Blork the orc (D:6)
  A bullfrog (D:7)
  A scorpion (D:6)
  A wight (D:8)
  2 jellies
  Crazy Yiuf (D:6)
  4 orc priests
  3 hounds
  2 sleepcaps (D:6)
  5 iguanas
  Terence (D:1)
  5 orc wizards
  11 adders
  4 gnolls
  3 river rats (Sewer)
  An ufetubus (D:5)
  2 worms
  A dart slug (D:1)
  35 orcs
  6 ball pythons
  7 endoplasms
  4 giant cockroaches
  14 goblins
  7 hobgoblins
  4 jackals
  13 kobolds
  6 quokkas
  6 bats
  5 frilled lizards
  9 rats
187 creatures vanquished.

Notes
Turn   | Place    | Note
-------+----------+-------------------------------------------
     0 | D:1      | Peloso the Minotaur Fighter began the quest for the Orb.
     0 | D:1      | Reached XP level 1. HP: 19/19 MP: 0/0
   189 | D:1      | Reached XP level 2. HP: 27/27 MP: 1/1
   893 | D:1      | Gained mutation: Your flesh is cold resistant. (rC+)
                  | [potion of mutation]
   893 | D:1      | Gained mutation: Your flesh is very cold resistant. (rC++)
                  | [potion of mutation]
  1047 | D:2      | Noticed Terence
  1047 | D:2      | Found Jourphyex's Antique Weapon Shop.
  1057 | D:1      | Killed Terence
  1058 | D:1      | Reached XP level 3. HP: 15/33 MP: 2/2
  1247 | D:2      | Reached skill level 3 in Long Blades
  1247 | D:2      | Reached XP level 4. HP: 40/40 MP: 3/3
  1407 | D:2      | Noticed Sigmund
  2340 | D:3      | You fall into a shaft and drop 1 floor!
  2462 | D:3      | Found a faded altar of an unknown god.
  2566 | D:4      | Reached skill level 5 in Armour
  2566 | D:4      | Reached XP level 5. HP: 41/47 MP: 4/4
  2802 | D:3      | Reached skill level 4 in Long Blades
  2960 | D:4      | Found a burning altar of Makhleb.
  3028 | D:4      | Reached XP level 6. HP: 37/55 MP: 5/5
  3181 | D:4      | Found the +2 pair of slick slippers {slick, slippery, EV+4}
  3207 | D:4      | Found a runed translucent gate.
  3207 | D:4      | Found a runed translucent gate.
  3207 | D:4      | Noticed McKennaii's ghost (amateur DgCj)
  3208 | D:4      | Found a runed translucent gate.
  3470 | D:2      | Killed Sigmund
  3471 | D:2      | Reached skill level 5 in Fighting
  3471 | D:2      | Reached skill level 5 in Long Blades
  3471 | D:2      | Reached skill level 5 in Shields
  3745 | D:5      | Entered Level 5 of the Dungeon
  3782 | D:5      | Noticed an ice beast
  3794 | D:5      | Killed an ice beast
  3795 | D:5      | Reached XP level 7. HP: 61/61 MP: 6/6
  4041 | D:5      | Identified the +1 robe of Qosat {Str+3 Slay+2}
  4432 | D:5      | Reached skill level 6 in Long Blades
  4432 | D:5      | Reached skill level 1 in Dodging
  4615 | D:6      | Noticed Edmund
  4616 | D:6      | Noticed Grinder
  4630 | D:6      | Killed Edmund
  4646 | D:6      | Killed Grinder
  4647 | D:6      | Reached skill level 7 in Long Blades
  4647 | D:6      | Reached XP level 8. HP: 58/70 MP: 7/7
  4686 | D:6      | Found a staircase to the Ecumenical Temple.
  4823 | D:6      | Reached skill level 8 in Long Blades
  4846 | D:6      | Found a glowing drain.
  4855 | Sewer    | Entered a sewer
  5662 | D:6      | Found a runed translucent door.
  5663 | D:6      | Noticed Crazy Yiuf
  5806 | D:6      | Noticed Blork the orc
  5819 | D:6      | Killed Blork the orc
  6328 | Temple   | Entered the Ecumenical Temple
  6346 | Temple   | Became a worshipper of Warmaster Okawaru
  6347 | Temple   | Identified a scroll of acquirement
  6465 | D:6      | Killed Crazy Yiuf
  6682 | D:7      | Reached skill level 9 in Long Blades
  6807 | D:7      | Reached XP level 9. HP: 69/75 MP: 8/8
  6853 | D:7      | Found Fuydwoti's Magic Scroll Emporium.
  6878 | D:7      | Bought a scroll of magic mapping for 97 gold pieces
  7023 | D:7      | Found an ornate altar of the Wu Jian Council.
  7064 | D:7      | Found a broken altar of Ashenzari.
  7068 | D:7      | Found a blossoming altar of Fedhas.
  7071 | D:7      | Found an opulent altar of Gozag.
  7073 | D:7      | Found a hide-covered altar of Uskayaw.
  7078 | D:7      | Found a shimmering altar of Xom.
  7123 | D:7      | Reached skill level 10 in Long Blades
  7276 | D:7      | Identified the +1 scale mail of the Abyss {rElec Str-3
                  | Int+2}
  7556 | D:2      | Bought a bloodstained great sword for 253 gold pieces
  7556 | D:2      | Identified the +5 great sword "Osuxyuju" {freeze, rC+} (You
                  | bought it in a shop on level 2 of the Dungeon)
  7668 | D:8      | Reached * piety under Okawaru
  7822 | D:8      | Reached skill level 11 in Long Blades
  7838 | D:8      | Found a flagged portal.
  7853 | Bailey   | Entered a bailey
  7911 | Bailey   | Noticed an orc warlord
  8009 | Bailey   | Found a runed translucent gate.
  8011 | Bailey   | Found a runed translucent gate.
  8012 | Bailey   | Found a runed translucent gate.
  8025 | Bailey   | Reached ** piety under Okawaru
  8111 | Bailey   | Acquired 715 gold pieces
  8147 | Bailey   | Slain by an orc warlord

Illustrated notes

Levels and vault maps discovered:
D:1:      sevenhm_arrival_forest_fort_small_5, layout_basic,
          nicolae_hexahallways
D:2:      layout_rooms, serial_shops, nicolae_shop_window_shopping,
          uniq_terence, uniq_sigmund
D:3:      minmay_recursive_quarters, layout_loops_ring,
          shapermc_ecumenical_altar_hornbeckon,
          wander_ebering_terrifying_dragon_lair
D:4:      layout_cave_pools, mainiacjoe_overflow_small_starburst,
          gammafunk_ghost_nasty_kobolds
D:5:      layout_loops_corners, nicolae_elevator_lobby_plus
D:6:      layout_basic, minmay_temple_entry_poolview,
          cheibrodos_sewer_entry_drain, uniq_edmund, uniq_blork_the_orc,
          uniq_crazy_yiuf_cottage, uniq_grinder
D:7:      layout_loops_ring, nicolae_overflow_hallway_of_the_gods, serial_shops,
          shop
D:8:      layout_basic, minmay_lair_entry_grove, enter_bailey_3,
          ebering_ghost_rock_garden
Temple:   jpeg_temple_clearing
Bailey:   bailey_axe_bossmonster_kennysheep, bailey

Skill      XL: |  1  2  3  4  5  6  7  8  9 |
---------------+----------------------------+-----
Armour         | 4 5 6 7 8 9 |  9.5
Shields        | 4 5 6 |  6.5
Fighting       | 4 5 6 7 |  7.6
Long Blades    | 3 4 5 7 9 11 | 11.4
Dodging        | 1 2 |  2.4
Stealth        | |  0.7
Invocations    | |  0.3

Action                     |  1- 3 |  4- 6 |  7- 9 || total
---------------------------+-------+-------+-------++-------
  Melee: Long sword        |    50 |   148 |   278 ||   476
         Headbutt          |     7 |    17 |    75 ||    99
         Great sword       |       |       |    96 ||    96
 Invoke: Heroism           |       |       |     3 ||     3
    Use: Potion            |     4 |     2 |     2 ||     8
         Scroll            |     2 |     1 |     8 ||    11
 Armour: Scale mail        |    21 |       |       ||    21
         Chain mail        |    26 |   153 |    98 ||   277
         Plate armour      |       |       |    90 ||    90
  Dodge: Dodged            |    28 |    62 |   214 ||   304
  Block: Buckler           |    19 |    36 |    58 ||   113
